 Dungeon Crawl Stone Soup version 0.14-a0-102-g2341383 (console) character file.

974 Kellhus the Ruinous (level 8, 38/40 HPs)
             Began as a Gargoyle Wizard on Oct 2, 2013.
             Quit the game on Level 5 of the Dungeon.
             The game lasted 00:09:12 (5411 turns).

Kellhus the Ruinous (Gargoyle Wizard)               Turns: 5411, Time: 00:09:13

HP  38/40        AC  7     Str 11      XL: 8   Next:  1%
MP   9/21        EV 11     Int 25      God:
Gold 125         SH  0     Dex  8      Spells:  3 memorised, 12 levels left

Res.Fire  : . . .   See Invis. : .   (no weapon)
Res.Cold  : . . .   Warding    : .   a - +0 robe
Life Prot.: + . .   Conserve   : +   (no shield)
Res.Poison: +       Res.Corr.  : .   b - +0 wizard hat
Res.Elec. : +       Clarity    : .   (no cloak)
Sust.Abil.: . .     Spirit.Shd : .   (no gloves)
Res.Mut.  : .       Stasis     : .   (no boots)
Res.Rott. : +       Flight     : .   B - amulet of conservation {unknown}
Saprovore : . . .                    y - +4 ring of intelligence
                                     h - ring of regeneration

@: slightly resistant to hostile enchantments, unstealthy
A: fangs 1, talons 2, life protection 1, electricity resistance, slow metabolism
1, unbreathing, petrification resistance, AC +5
a: no special abilities


You were on level 5 of the Dungeon.
You were not hungry.

You visited 2 branches of the dungeon, and saw 6 of its levels.

You collected 105 gold pieces.

Inventory:

Armour
 a - a +0 robe (worn)
 b - a +0 wizard hat (worn)
Magical devices
 u - a wand of draining (7) {unknown}
 v - a wand of heal wounds (0)
 I - a wand of flame (19) {unknown}
Comestibles
 d - 3 bread rations
 f - a pear
 D - a meat ration
 E - a rotting chunk of kobold flesh
Scrolls
 e - 6 scrolls of remove curse {unknown}
 i - 3 scrolls of identify {unknown}
 j - a scroll of curse jewellery {unknown}
 l - a scroll of curse armour {unknown}
 m - a scroll of enchant weapon I {unknown}
 n - a scroll of curse weapon {unknown}
 o - a scroll of random uselessness {unknown}
 q - 2 scrolls of recharging {unknown}
 w - a scroll of fog {unknown}
 x - a scroll of noise {unknown}
 H - a scroll of teleportation {unknown}
Jewellery
 h - a ring of regeneration (left hand)
 y - a +4 ring of intelligence (right hand)
 z - an uncursed ring of teleport control
 B - an amulet of conservation (around neck) {unknown}
 G - an uncursed ring of protection from fire {unknown}
Potions
 g - a potion of invisibility {unknown}
 k - a potion of restore abilities {unknown}
 p - a potion of agility {unknown}
 r - 6 potions of curing {unknown}
 s - a potion of poison {unknown}
 t - 2 potions of degeneration {unknown}
 A - a potion of speed {unknown}
 C - a potion of magic {unknown}
 F - a potion of cure mutation {unknown}
Books
 c - a book of Minor Magic

   Spells                             Type                      Level
   *Magic Dart                        Conjuration                  1
   Blink                              Translocation                2
   Call Imp                           Summoning                    2
   Repel Missiles                     Charms/Air                   2
   Slow                               Hexes                        2
   *Conjure Flame                     Conjuration/Fire             3
   *Mephitic Cloud                    Conjuration/Poison/Air       3


   Skills:
 - Level 1.5 Dodging
 - Level 2.1 Stealth
 - Level 6.0 Spellcasting
 + Level 7.1 Conjurations
   Level 0.8 Summonings
   Level 0.8 Translocations


You had 12 spell levels left.
You knew the following spells:

 Your Spells              Type           Power        Failure   Level  Hunger
a - Magic Dart            Conj           ####         1%          1    None
b - Conjure Flame         Conj/Fire      ####....     6%          3    #......
c - Mephitic Cloud        Conj/Pois/Air  ###.....     12%         3    #......


Dungeon Overview and Level Annotations

Branches:
Dungeon (5/27)             Temple (1/1) D:4

Altars:
Ashenzari
Cheibriados
Elyvilon
Kikubaaqudgha
Makhleb
Nemelex Xobeh
Okawaru
Sif Muna
Trog
Xom
Yredelemnul
Zin
the Shining One


Innate Abilities, Weirdness & Mutations

You are resistant to torment.
You are immune to poison.
Your stone body is very resilient (AC +5).
You have very sharp teeth.
You have razor-sharp toenails.
You resist negative energy.
You are resistant to electric shocks.
You have a slow metabolism.
You can survive without breathing.
You are immune to petrification.


Message History

Confirm with . or Enter, or press ? or * to list all spells.
Aiming: Magic Dart
Press: ? - help, Shift-Dir - straight line, f/p - gnoll
Aim: a gnoll, wielding a club (lightly wounded)
The magic dart hits the gnoll.
The gnoll is heavily wounded.
The gnoll hits you with a club.
Casting: Magic Dart
Confirm with . or Enter, or press ? or * to list all spells.
Aiming: Magic Dart
Press: ? - help, Shift-Dir - straight line, f/p - gnoll
Aim: a gnoll, wielding a club (heavily wounded)
The magic dart hits the gnoll.
You kill the gnoll!
Casting: Magic Dart
Confirm with . or Enter, or press ? or * to list all spells.
You can't see any susceptible monsters within range! (Use Z to cast anyway.)
You now have 125 gold pieces (gained 15).
You see here a club.
Are you sure you want to abandon this character and quit the game? (Confirm with "yes".)

#.....## # ........##
.#.# #.......###..
#........#.# #..%....#
#%g...# #. ##.##.# #.
#######.## #. #....(.@.#
#. #........### ######.
#..........###...#......
#.......................
(..........###...#......
.........### #.# #####.
#...%....# #.# #.
#####...######.# #.
##........##.# #.


There were no monsters in sight!

Vanquished Creatures
  Grinder (D:5)
  Sigmund (D:3)
  A goliath beetle (D:3)
  A hound (D:4)
  2 crimson imps (D:5)
  An orc priest (D:3)
  A giant frog skeleton (D:4)
  A jelly (D:5)
  An orc wizard (D:3)
  An iguana (D:4)
  2 worker ants (D:4)
  Jessica (D:3)
  2 adders
  7 gnolls
  3 worms (D:2)
  2 giant mites
  A giant eyeball (D:4)
  3 giant geckos
  10 orcs
  5 bats
  2 giant cockroaches
  10 hobgoblins
  A quokka (D:2)
  2 ball pythons (D:3)
  6 giant newts
  5 goblins
  A hobgoblin zombie (D:5)
  14 jackals
  8 kobolds
  An orc skeleton (D:4)
  14 rats
111 creatures vanquished.

Notes
Turn   | Place    | Note
--------------------------------------------------------------
     0 | D:1      | Kellhus, the Gargoyle Wizard, began the quest for the Orb.
     0 | D:1      | Reached XP level 1. HP: 8/8 MP: 5/5
   132 | D:1      | Reached XP level 2. HP: 13/13 MP: 4/7
   953 | D:1      | Reached XP level 3. HP: 17/17 MP: 6/9
  1453 | D:2      | Reached skill level 4 in Conjurations
  1663 | D:2      | Reached XP level 4. HP: 20/22 MP: 1/11
  2059 | D:2      | Learned a level 3 spell: Conjure Flame
  2063 | D:2      | Learned a level 3 spell: Mephitic Cloud
  2082 | D:3      | Noticed Sigmund
  2539 | D:3      | Reached skill level 5 in Conjurations
  2539 | D:3      | Reached XP level 5. HP: 15/26 MP: 5/12
  3043 | D:3      | Noticed Jessica
  3046 | D:3      | Killed Jessica
  3046 | D:3      | Reached skill level 6 in Conjurations
  3287 | D:3      | Reached XP level 6. HP: 31/31 MP: 1/14
  3502 | D:3      | Killed Sigmund
  3502 | D:3      | Reached skill level 7 in Conjurations
  4250 | D:4      | Reached XP level 7. HP: 35/35 MP: 11/18
  4572 | D:4      | Found an iron altar of Okawaru.
  4842 | D:4      | Found a staircase to the Ecumenical Temple.
  4848 | Temple   | Entered the Ecumenical Temple
  4989 | D:5      | Entered Level 5 of the Dungeon
  5278 | D:5      | Noticed Grinder
  5292 | D:5      | Killed Grinder
  5405 | D:5      | Reached XP level 8. HP: 40/40 MP: 11/21
  5411 | D:5      | Quit the game

Action                   |  1- 3 |  4- 6 |  7- 9 || total
-------------------------+-------+-------+-------++-------
Melee: Unarmed           |     4 |       |       ||     4
 Cast: Magic Dart        |   112 |   139 |    97 ||   348
       Conjure Flame     |       |     6 |       ||     6
       Mephitic Cloud    |       |     6 |       ||     6
